 Dungeon Crawl Stone Soup version 0.25.0-33-gff14898491 (webtiles) character file.

Game seed: 8098023350119150720

53 DocSulfur the Magician (level 3, 0/19 HPs)
             Began as a Deep Elf Wizard on July 6, 2020.
             Slain by a goblin
             ... wielding a +0 dagger
             ... led by Robin
              (3 damage)
             ... on level 2 of the Dungeon.
             The game lasted 00:09:00 (1402 turns).

DocSulfur the Magician (Deep Elf Wizard)            Turns: 1402, Time: 00:09:01

Health: 0/19       AC:  2    Str:  4    XL:     3   Next: 64%
Magic:  2/11       EV: 13    Int: 23    God:
Gold:   109        SH:  0    Dex: 13    Spells: 7/12 levels left

rFire    . . .     SeeInvis .   c - +0 hunting sling
rCold    . . .     Gourm    .   (no shield)
rNeg     . . .     Faith    .   a - +0 robe
rPois    .         Spirit   .   b - +0 hat
rElec    .         Reflect  .   (no cloak)
rCorr    .         Harm     .   (no gloves)
MR       .....                  (no boots)
Stlth    ++........             (no amulet)
HPRegen  0.06/turn              (no ring)
MPRegen  0.12/turn              (no ring)

@: no status effects
A: no striking features
a: no special abilities


You were on level 2 of the Dungeon.
You were not hungry.

You visited 1 branch of the dungeon, and saw 2 of its levels.

You collected 109 gold pieces.

Inventory:

Hand Weapons
 c - a +0 hunting sling (weapon)
 i - a cursed -3 whip
Missiles
 e - 3 stones
 j - 6 sling bullets (quivered)
 o - 13 poisoned darts
Armour
 a - a +0 robe (worn)
 b - a +0 hat (worn)
Scrolls
 h - 2 scrolls of enchant weapon {unknown}
 k - a scroll of identify {unknown}
 l - a scroll of amnesia {unknown}
Potions
 f - a potion of resistance {unknown}
 g - a potion of stabbing {unknown}
 m - a potion of cancellation {unknown}
 p - a potion of curing {unknown}
Comestibles
 d - 3 rations
 n - 9 chunks of flesh


   Skills:
 + Level 0.1 Fighting
 + Level 0.5 Slings
 - Level 2.4 Dodging
 - Level 2.4 Stealth
 - Level 5.0 Spellcasting
 * Level 2.5 Conjurations
 * Level 1.4 Summonings
 * Level 1.8 Translocations


You had 7 spell levels left.
You knew the following spells:

 Your Spells              Type           Power        Failure   Level  Hunger
a - Magic Dart            Conj           ###.         3%          1    None
b - Call Imp              Summ           ##......     8%          2    None
c - Blink                 Tloc           N/A          7%          2    None

Your spell library contained the following spells:

 Spells                   Type           Power        Failure   Level  Hunger
 Slow                     Hex            #.......     14%         2    None
 Conjure Flame            Conj/Fire      ##......     17%         3    ##.....
 Mephitic Cloud           Conj/Pois/Air  #.......     21%         3    ##.....


Dungeon Overview and Level Annotations

Branches:
Dungeon (2/15)

Altars:

Annotations:
D:2 Robin


Message History

You shoot a sling bullet.
The sling bullet closely misses the goblin.
The goblin closely misses you. Robin completely misses you.
The goblin hits you but does no damage.
Firing (i - inventory. (/) - cycle)
j - 8 sling bullets (quivered)
Press: ? - help, Shift-Dir - straight line, f/p - goblin
Aim: a goblin, wielding a +0 dagger (strong)
You shoot a sling bullet. The sling bullet hits the goblin.
The goblin is severely wounded.
Robin hits you with a +0 dagger. The goblin hits you with a +0 dagger.
* * * LOW HITPOINT WARNING * * *
Robin hits you with a +0 dagger.
* * * LOW HITPOINT WARNING * * *
Firing (i - inventory. (/) - cycle)
j - 7 sling bullets (quivered)
Press: ? - help, Shift-Dir - straight line, f/p - goblin
Aim: a goblin, wielding a +0 dagger (heavily wounded, strong)
You shoot a sling bullet.
The sling bullet closely misses the goblin.
The goblin hits you with a +0 dagger.
You die...

####.## #.......# #
##>######....##.##.#
#.)÷.()............#
###...#.#)((......#########
#.....÷.#..........##... ..
#.......#.....).###.#.####.
#.......####...## ##..#....
###.....#..g.#÷# #..#.##.
#.....#.@#.#)## #..#.##.
#####.#g###.#)###.#......
.(. #...#.).####.###
######...##### ...... #...#
#.#.##. #...# #.#.#.. #...
#.#.#.. .... #..... .....
#.#...


You could see Robin and a goblin (strong).

Vanquished Creatures
  An ooze (D:2)
  A dart slug (D:1)
  4 leopard geckos
  4 bats
  3 giant cockroaches
  6 hobgoblins
  2 kobolds (D:1)
  4 frilled lizards
  11 goblins
  A rat (D:1)
37 creatures vanquished.

Notes
Turn   | Place    | Note
-------+----------+-------------------------------------------
     0 | D:1      | DocSulfur the Deep Elf Wizard began the quest for the Orb.
     0 | D:1      | Reached XP level 1. HP: 10/10 MP: 7/7
   207 | D:1      | Reached skill level 5 in Spellcasting
   207 | D:1      | Reached XP level 2. HP: 15/15 MP: 5/10
   345 | D:1      | Learned a level 2 spell: Call Imp
   348 | D:1      | Learned a level 2 spell: Blink
  1174 | D:2      | Reached XP level 3. HP: 19/19 MP: 8/11
  1387 | D:2      | Noticed Robin
  1402 | D:2      | Slain by a goblin

Illustrated notes

Levels and vault maps discovered:
D:1:      roderic_chinese_lattice_arrival, layout_loops_ring, minmay_hedge_maze
D:2:      layout_loops_cross, uniq_robin

Skill      XL: |  1  2 |
---------------+-------+-----
Spellcasting   | 5 |  5.0
Conjurations   | 2 |  2.5
Fighting       | |  0.1
Slings         | |  0.5
Dodging        | |  2.4
Stealth        | |  2.4
Summonings     | |  1.4
Translocations | |  1.8

Action                   || total
-------------------------++-------
 Fire: Hunting sling     ||    33
 Cast: Magic Dart        ||    74
  Eat: Chunk             ||     1
Armor: Robe              ||     5
Dodge: Dodged            ||    20
